 Dungeon Crawl Stone Soup version 0.21-a0-264-g3e31e41 (webtiles) character file.

220 tidbits the Insei (level 5, -6/39 HPs)
             Began as a Demigod Transmuter on Sept 8, 2017.
             Mangled by an iguana (9 damage)
             ... on level 4 of the Dungeon.
             The game lasted 00:12:14 (1122 turns).

tidbits the Insei (Demigod Transmuter)              Turns: 1122, Time: 00:12:15

Health: -6/39      AC:  2    Str: 13    XL:     5   Next: 37%
Magic:  4/11       EV: 20    Int: 19    God:
Gold:   148        SH:  0    Dex: 23    Spells: 2/8 levels left

rFire    . . .     SeeInvis .     - Unarmed
rCold    . . .     Gourm    .   (shield currently unavailable)
rNeg     . . .     Faith    .   (armour currently unavailable)
rPois    x         Spirit   .   (helmet currently unavailable)
rElec    .         Reflect  .   (cloak currently unavailable)
rCorr    .         Harm     .   (gloves currently unavailable)
MR       .....                  (boots currently unavailable)
Stlth    ++........             (no amulet)
HPRegen  0.13/turn              (no ring)
MPRegen  0.12/turn              (no ring)

@: spider-form, very slightly contaminated
A: agile 1, high mp 1, wild magic 1
a: End Transformation


You were on level 4 of the Dungeon.
You were hungry.
You were a venomous arachnid creature.
You visited 1 branch of the dungeon, and saw 4 of its levels.

You collected 148 gold pieces.

Inventory:

Hand Weapons
 a - a +1 whip of electrocution (melded)
   (You took it off a kobold on level 2 of the Dungeon)
 e - a +0 hand crossbow
 p - a +0 hunting sling
 s - a +0 vampiric hand axe
   (You took it off an orc on level 3 of the Dungeon)
Missiles
 b - 38 arrows
 i - 14 sling bullets
 j - 59 stones (quivered)
Armour
 B - a +0 robe (melded)
 F - a +0 pair of boots (melded)
 G - a +0 pair of gloves (melded)
Wands
 h - a wand of polymorph (8/24)
Scrolls
 k - a scroll of noise {unknown}
 l - 2 scrolls of recharging {unknown}
 r - a scroll of remove curse
Potions
 o - a potion of magic {unknown}
 q - a potion of heal wounds {unknown}
 t - a potion of ambrosia {unknown}
Books
 c - a book of Changes

   Spells                             Type                      Level
   a - Beastly Appendage              Transmutation                1
   b - Sticks to Snakes               Transmutation                2
   c - Spider Form                    Transmutation/Poison         3
   d - Ice Form                       Ice/Transmutation            4
   e - Blade Hands                    Transmutation                5
Comestibles
 d - 2 bread rations
 f - 2 royal jellies
 n - 2 chunks of flesh


   Skills:
 - Level 0.8 Fighting
 - Level 1.7 Dodging
 + Level 4.6 Unarmed Combat
 - Level 2.3 Spellcasting
 - Level 3.5 Transmutations


You had 2 spell levels left.
You knew the following spells:

 Your Spells              Type           Power        Failure   Level  Hunger
e - Beastly Appendage     Tmut           ###...       17%         1    #......
k - Sticks to Snakes      Tmut           ###.....     24%         2    ##.....
p - Spider Form           Tmut/Pois      ##........   54%         3    ###....


Dungeon Overview and Level Annotations

Branches:
Dungeon (4/15)
 Temple: D:4-7


Innate Abilities, Weirdness & Mutations

You have an increased reservoir of magic. (+10% MP)
((You have very sharp teeth.))
You are agile. (Dex +2)
Your spells are a little harder to cast, but a little more powerful.


Message History

a hand axe; a dagger; a robe; an orc corpse Your horns disappear.
f - 2 royal jellies (gained 1)
Found 2 gold pieces.
Found a white marble altar of Elyvilon.
Casting: Sticks to Snakes
Confirm with . or Enter, or press ? or * to list all spells.
You grow a pair of large bovine horns.
You hit the orc but do no damage. Lightning courses through the orc!
You kill the orc!
There is a white marble altar of Elyvilon here.
Things that are here:
a dagger; a chain mail; an orc corpse You now have 148 gold pieces (gained 2).
Your transformation is almost over.
Your ball python withers and dies!
An orc comes into view. It is wielding a vampiric hand axe.
The orc shouts!
The orc hits you but does no damage.
You hit the orc. Lightning courses through the orc!
You kill the orc!
Things that are here:
a vampiric hand axe; an orc corpse
s - a vampiric hand axe Your horns disappear.
Found a scroll labeled XECRENUWNE.
Found a ruby potion.
l - 2 scrolls labeled XECRENUWNE (gained 1)
t - a ruby potion A worm comes into view.
Casting: Beastly Appendage
Confirm with . or Enter, or press ? or * to list all spells.
You grow a pair of large bovine horns.
Your transformation is almost over.
You hit the worm. You headbutt the worm!
The worm is severely wounded.
The worm misses you.
You hit the worm but do no damage. Lightning courses through the worm!
You kill the worm!
Your horns disappear.
Some of the chunks of flesh in your inventory have rotted away.
There is a stone staircase leading down here.
Unknown command.
You climb downwards.
Found 14 stones.
There is a stone staircase leading up here.
Found a scroll of enchant weapon.
A worm comes into view.
Found a scroll labeled NIROUS JEIF.
Found a dagger.
Casting: Beastly Appendage
Confirm with . or Enter, or press ? or * to list all spells.
You create a snake!
You now have 38 arrows.
You are feeling hungry.
Your ball python barely misses the worm.
Your ball python grabs the worm.
Your ball python constricts the worm.
An iguana comes into view.
Your ball python bites the worm.
Your ball python constricts the worm.
The worm bites you.
You hit the worm.
The worm is lightly wounded.
Your ball python bites the worm.
Your ball python constricts the worm.
The worm bites you.
* * * LOW HITPOINT WARNING * * *
You hit the worm.
The worm is moderately wounded.
Your ball python bites the worm.
Your ball python constricts the worm.
Your ball python completely misses the worm.
Your ball python constricts the worm.
You hit the worm.
The worm is severely wounded.
Your ball python bites the worm.
Your ball python constricts the worm.
The worm bites your ball python!
Your ball python dies!
Casting: Sticks to Snakes
Confirm with . or Enter, or press ? or * to list all spells.
You miscast Spider Form.
You are very lightly contaminated with residual magic.
You are poisoned.
You feel sick. x2
Casting: Spider Form
Confirm with . or Enter, or press ? or * to list all spells.
You turn into a venomous arachnid creature.
Your +1 whip of electrocution melds into your body.
Your +0 pair of gloves melds into your body.
Your +0 pair of boots melds into your body.
Your +0 robe melds into your body.
Your +1 whip of electrocution stops crackling.
You feel sick. The iguana completely misses you. The worm misses you.
You hit the worm but do no damage.
The worm is poisoned.
The worm is heavily wounded.
You feel sick. The iguana completely misses you. The worm bites you!
* * * LOW HITPOINT WARNING * * *
You feel better. The iguana bites you!
* * * LOW HITPOINT WARNING * * *
It was a potion of mutation.
You feel extremely strange.
You feel agile.
Your teeth lengthen and sharpen.
You feel less in control of your magic. The iguana bites you!
You die...

##.......##
#)........#
#.?.......#
#.?.......#
#.........#
#.........#
#......w..#
#......l..######
#...(...s.......
#.........######
#.........#
##.....<..#
##.....#....#
##########.# #


You could see a worm and an iguana.

Vanquished Creatures
  An orc priest (D:3)
  2 orc wizards (D:3)
  Jessica (D:2)
  3 adders
  A gnoll (D:1)
  An ooze (D:1)
  A worm (D:3)
  A dart slug (D:3)
  A leopard gecko (D:2)
  8 orcs (D:3)
  A ball python (D:2)
  4 bats
  4 giant cockroaches (D:1)
  2 hobgoblins
  2 frilled lizards
  4 goblins
  4 kobolds
  3 rats (D:2)
44 creatures vanquished.

Vanquished Creatures (collateral kills)
  An orc wizard (D:3)
  2 worms
  5 orcs (D:3)
  2 goblins
10 creatures vanquished.

Vanquished Creatures (others)
  A kobold (D:3)
1 creature vanquished.

Grand Total: 55 creatures vanquished

Notes
Turn   | Place    | Note
-------+----------+-------------------------------------------
     0 | D:1      | tidbits the Demigod Transmuter began the quest for the Orb.
     0 | D:1      | Reached XP level 1. HP: 15/15 MP: 5/5
    34 | D:1      | Reached skill level 2 in Spellcasting
   222 | D:1      | Reached skill level 3 in Unarmed Combat
   222 | D:1      | Reached XP level 2. HP: 3/22 MP: 5/7
   224 | D:1      | Reached skill level 2 in Transmutations
   230 | D:1      | Learned a level 2 spell: Sticks to Snakes
   568 | D:2      | Reached XP level 3. HP: 16/27 MP: 6/9
   573 | D:2      | Learned a level 3 spell: Spider Form
   729 | D:3      | Reached skill level 3 in Transmutations
   797 | D:2      | Noticed Jessica
   801 | D:2      | Killed Jessica
   801 | D:2      | Reached XP level 4. HP: 25/34 MP: 4/10
   910 | D:3      | Reached skill level 4 in Unarmed Combat
   910 | D:3      | Reached XP level 5. HP: 9/39 MP: 1/11
  1035 | D:3      | Found a white marble altar of Elyvilon.
  1119 | D:4      | HP: 3/39 [iguana (14)]
  1122 | D:4      | Gained mutation: You are agile. (Dex +2) [potion of mutation]
  1122 | D:4      | Gained mutation: You have very sharp teeth. [potion of mutation]
  1122 | D:4      | Gained mutation: Your spells are a little harder to cast, but a little more powerful. [potion of mutation]
  1122 | D:4      | Mangled by an iguana

Vault maps used:
D:1:      shiori_arrival_elements, hex_tiny, roderic_roman_lattice,
          kennysheep_small_spiral
D:2:      uniq_jessica, uniq_robin
D:3:      first_bread, minivault_27, elyvilon_altar_4

Skill      XL: |  1  2  3  4 |
---------------+-------------+-----
Spellcasting   | 2 |  2.3
Unarmed Combat | 3 4 |  4.6
Transmutations | 2 3 |  3.5
Fighting       | |  0.8
Dodging        | |  1.7

Action                   |  1- 3 |  4- 6 || total
-------------------------+-------+-------++-------
Melee: Unarmed           |    49 |    12 ||    61
       Headbutt          |     5 |     4 ||     9
       Kick              |     2 |       ||     2
       Punch             |     1 |       ||     1
       Whip              |    31 |    26 ||    57
 Cast: Beastly Appendage |    13 |     6 ||    19
       Sticks to Snakes  |     6 |     5 ||    11
       Spider Form       |     2 |     3 ||     5
  Use: Potion            |     1 |     2 ||     3
       Scroll            |     2 |       ||     2
  Eat: Chunk             |     1 |     1 ||     2
Armor: Robe              |    20 |     2 ||    22
       Skin              |     2 |       ||     2
Dodge: Dodged            |    55 |    20 ||    75

Table legend:
 A = Spawn XP
 B = Non-spawn XP
 C = Spawn XP percentage of total XP
 D = Spawn monster count
 E = Non-spawn monster count
 F = Spawn count percentage of total count
 G = Total turns spent on level
                    A         B        C        D         E        F      G
               +---------+---------+-------+---------+---------+-------+---------
         Total |       0 |     315 |   0.0 |       0 |      54 |   0.0 |  1122
               +---------+---------+-------+---------+---------+-------+---------
           D:1 |       0 |      36 |   0.0 |       0 |      11 |   0.0 |   497
           D:2 |       0 |      79 |   0.0 |       0 |      16 |   0.0 |   284
           D:3 |       0 |     200 |   0.0 |       0 |      27 |   0.0 |   324
               +---------+---------+-------+---------+---------+-------+---------

Table legend:
 A = Turns spent in this place as a percentage of turns spent in the entire game.
 B = Non-inter-level travel turns spent in this place as a percentage of non-inter-level travel turns spent in the entire game.
 C = Inter-level travel turns spent in this place as a percentage of turns spent in this place.
 D = Turns resting spent in this place as a percentage of non-inter-level travel turns spent in this place.
 E = Turns spent auto-exploring this place as a percentage of non-inter-level travel turns spent in this place.
 F = Non-inter-level travel turns spent in this place divided by the number of levels of this place that you've seen.
                   A       B       C       D       E      F
               +-------+-------+-------+-------+-------+----------------------
         Total | 100.0 | 100.0 |   1.2 |   0.0 |   0.0 | 277.2
       Dungeon | 100.0 | 100.0 |   1.2 |   0.0 |   0.0 | 277.2
               +-------+-------+-------+-------+-------+----------------------

Table legend:
 A = Kills in this place as a percentage of kills in entire the game.
 B = Kills by you in this place as a percentage of kills by you in the entire game.
 C = Kills by friends in this place as a percentage of kills by friends in the entire game.
 D = Other kills in this place as a percentage of other kills in the entire game.
 E = Experience gained in this place as a percentage of experience gained in the entire game.
 F = Experience gained in this place divided by the number of levels of this place that you have seen.
                   A       B       C       D       E      F
               +-------+-------+-------+-------+-------+----------------------
         Total | 100.0 | 100.0 | 100.0 |   N/A | 100.0 |  78.8
       Dungeon | 100.0 | 100.0 | 100.0 |   N/A | 100.0 |  78.8
               +-------+-------+-------+-------+-------+----------------------

Vault maps used:
D:1:      shiori_arrival_elements, hex_tiny, roderic_roman_lattice,
          kennysheep_small_spiral
D:2:      uniq_jessica, uniq_robin
D:3:      first_bread, minivault_27, elyvilon_altar_4
